 BcadrenCrawl: Boulder Brew version 0.03.2.1-27-g9e5655dcad (webtiles) character file.

Game seed: 14876480792870591981, levelgen mode: deterministic

12 esc the Whippersnapper (level 2, 0/21 HPs) Lignifite Berserker. Began on Jan 15, 2021. Was a Follower of Trog. Slain by a kobold ... wielding a +0 whip (3 damage) ... on level 1 of the Dungeon. The game lasted 00:00:21 (165 turns).

esc the Whippersnapper (Lignifite Berserker)         Turns: 165, Time: 00:00:22

Health: 0/21       AC:  1    Str: 22    XL:     2 ^: 23
Magic:  3/3        EV:  6    Int:  8    God:    Trog [1* [37]]
Gold:   47         SH:  1    Dex:  7    Spells: 1/1 levels left

rFire    x . .     Vision   .   a - +0 whip
rCold    . . .     Gourm    .   (weapon restricted)
rNeg     . . .     Faith    .   b - +0 animal skin
rPois    +         Spirit   .   (helmet restricted)
rElec    .         Reflect  .   (no cloak)
rCorr    .         Harm     .   (gloves unavailable)
MR       .....     Rnd*Rage +   (boots unavailable)
Stlth    +.........             (no amulet)
HPRegen  0.17/turn              (no ring)
MPRegen  0.13/turn              (no ring)

@: quick
A: very small, rF-, deformed body, speed 1, poison resistance, slow metabolism
1, torment resistance, plant, rot immunity
a: Berserk, Renounce Religion


You were on level 1 of the Dungeon.
You worshipped Trog.
Trog was aware of your devotion.
You were not hungry.

You visited 1 branch of the dungeon, and saw 1 of its levels.

You collected 47 gold pieces.

Inventory:

Weapons
 a - a +0 whip (weapon)
Armour
 b - a +0 animal skin (worn)
Scrolls
 e - a scroll of holy word
Potions
 d - a potion of cancellation
Comestibles
 c - 3 rations
 f - 2 chunks of flesh


   Skills:
 + Level 3.2 Fighting
 + Level 3.5 Whips & Flails
 + Level 2.9 Dodging


You had one spell level left.
You didn't know any spells.
Your spell library was empty.

Dungeon Overview and Level Annotations

Branches:
Dungeon (1/8)

Altars:


Innate Abilities, Weirdness & Mutations

Your woody flesh burns easily. (rF-)
A tangle of shorter branches protects your body from attack. (+1 SH)
You are very small and have problems with some larger weapons.
You are too small for most types of armour.
Armour fits poorly on your strangely shaped body.
You cover ground quickly.
Your system is resistant to poisons. (rPois)
You have a slow metabolism.
You are immune to unholy pain and torment.
You require very little carbon dioxide to survive.
You are immune to rotting.
You frequently lose your temper in combat.
This godly rage surpasses even clarity. (*Rage)


Message History

You are too injured to fight recklessly!
You are too injured to fight recklessly!
You are too injured to fight recklessly!
You are too injured to fight recklessly!
You are too injured to fight recklessly!
You are too injured to fight recklessly!
You are too injured to fight recklessly!
You are too injured to fight recklessly!
You are too injured to fight recklessly!
You are too injured to fight recklessly!
You are too injured to fight recklessly!
You are too injured to fight recklessly!
You swing at nothing.
You hit the kobold (1). You barely miss the kobold.
The kobold is moderately wounded. (2/3) HP The kobold hits you with a +0 whip (5).
* * * LOW HITPOINT WARNING * * *
You closely miss the kobold. You barely miss the kobold.
The kobold hits you with a +0 whip (3).
You die...

##.###.# ##..###
#.## ### ##...#
##.###.###....##
##.#.###......##
####..###.....<...
#.......##......##
#.##.##.###.?..##
#.##.# .# ##...#
#@##.. # ##..#
#K##### ##.#
#K#####.# #+#
###K......#
#..##..####
#..††....#
#..........#
#............
##........###


You could see 3 kobolds.

Vanquished Creatures
  A cinder newt (D:1)
  A dart slug (D:1)
  A goblin (D:1)
  A kobold (D:1)
4 creatures vanquished.

Notes
Turn   | Place    | Note
-------+----------+-------------------------------------------
     0 | D:1      | esc the Lignifite Berserker began the quest for the Orb.
     0 | D:1      | Reached XP level 1. HP: 14/14 MP: 2/2
   157 | D:1      | Reached XP level 2. HP: 15/21 MP: 3/3
   165 | D:1      | Slain by a kobold

Levels and vault maps discovered:
D:1:      mrwooster_arrival_arrow, layout_loops_corners, first_ration,
          st_stairs_5

Action                   || total
-------------------------++-------
Melee: Whip              ||    10
       Unarmed           ||     7
Block: Other             ||     1
